 Dungeon Crawl Stone Soup version 0.31.0-32-g396128a36d (webtiles) character file.

Game seed: 8653225472272064367

17844 PaiMei the Artisan of Death (level 12, -13/97 HPs)
             Began as a Demonspawn Necromancer on Apr 22, 2024.
             Was a Priest of Kikubaaqudgha.
             Incinerated by a deep elf pyromancer (18 damage)
             ... with a pyre arrow
             ... on level 10 of the Dungeon.
             The game lasted 00:27:36 (16747 turns).

PaiMei the Artisan of Death (DsNe)                 Turns: 16747, Time: 00:27:37

Health: -13/97     AC: 14    Str:  9    XL:     12   Next: 22%
Magic:  3/25       EV: 23    Int: 21    God:    Kikubaaqudgha [***...]
Gold:   557        SH:  0    Dex: 13    Spells: 8/30 levels left

rFire   . . .        K - +2 flail (protect)
rCold   . . .        (no shield)
rNeg    . . .        g - +3 ring mail
rPois   .            (helmet restricted)
rElec   .            C - scarf {repulsion}
rCorr   .            (no gloves)
SInv    .            P - +2 pair of boots
Will    .....        f - amulet of magic regeneration
Stlth   +            D - +5 ring of evasion
HPRegen 0.36/turn    w - +5 ring of evasion
MPRegen 0.59/turn

%: repel missiles
@: on fire, glowing
A: horns 2, yellow scales 2, foul stench 1, spiny 2
a: Renounce Religion, Unearth Wretches


You were on level 10 of the Dungeon.
You worshipped Kikubaaqudgha.
Kikubaaqudgha was most pleased with you.
You visited 1 branch of the dungeon, and saw 11 of its levels.

You collected 557 gold pieces.

Inventory:

Hand Weapons
 j - a +0 dagger of pain
 E - a +2 dagger of draining
 I - a +5 morningstar
 K - a +2 flail of protection (weapon)
Missiles
 S - 4 curare-tipped darts
Armour
 g - a +3 ring mail (worn)
 C - a scarf of repulsion (worn)
 P - a +2 pair of boots (worn)
Magical Staves
 L - a staff of death
Jewellery
 f - an amulet of magic regeneration (around neck)
 i - an amulet of reflection
 q - a ring of poison resistance
 s - a ring of fire
 w - a +5 ring of evasion (right hand)
 D - a +5 ring of evasion (left hand)
 R - a ring of willpower
 U - a ring of protection from fire
Wands
 n - a wand of iceblast (26)
 M - a wand of paralysis (15)
 O - a wand of flame (19)
 W - a wand of mindburst (5)
Scrolls
 c - 3 scrolls of fog {unknown}
 h - 10 scrolls of identify {unknown}
 k - 5 scrolls of teleportation
 m - a scroll of brand weapon {unknown}
 o - 2 scrolls of silence {unknown}
 r - 4 scrolls of enchant weapon {unknown}
 t - 6 scrolls of poison {unknown}
 u - 2 scrolls of amnesia {unknown}
 v - a scroll of blinking {unknown}
 y - a scroll of torment {unknown}
 A - 2 scrolls of vulnerability {unknown}
 B - a scroll of enchant armour {unknown}
 F - 2 scrolls of revelation {unknown}
 V - a scroll of noise {unknown}
Potions
 a - 3 potions of resistance {unknown}
 b - 2 potions of magic
 d - 2 potions of might {unknown}
 e - 2 potions of curing
 l - a potion of enlightenment {unknown}
 p - 2 potions of degeneration {unknown}
 x - a potion of invisibility {unknown}
 z - a potion of brilliance {unknown}
 G - 4 potions of heal wounds {unknown}
 H - a potion of haste {unknown}
 J - a potion of ambrosia {unknown}
 N - 2 potions of mutation {unknown}
 Q - a potion of berserk rage {unknown}
 T - a potion of cancellation {unknown}


   Skills:
 + Level 10.1 Fighting
 + Level 9.6 Dodging
 - Level 2.0 Stealth
 + Level 9.6 Spellcasting
 + Level 12.0 Necromancy


You had 8 spell levels left.
You knew the following spells:

 Your Spells              Type           Power      Damage    Failure   Level
a - Necrotise             Necr           100%       1d9       1%          1
b - Vampiric Draining     Necr           57%        2d10      1%          3
c - Animate Dead          Necr           57%        N/A       1%          4
d - Curse of Agony        Necr           57%        N/A       3%          5
e - Dispel Undead         Necr           57%        3d20      1%          4
f - Borgnjor's Vile Clut  Necr/Erth      17%        N/A       41%         5

Your spell library contained the following spells:

 Spells                   Type           Power      Damage    Failure   Level
 Sublimation of Blood     Necr           57%        N/A       1%          2
 Fugue of the Fallen      Necr           57%        N/A       1%          3
 Cigotuvi's Dreadful Rot  Necr/Alch/Air  52%        N/A       5%          2
 Summon Small Mammal      Summ           40%        N/A       19%         1
 Death Channel            Necr           28%        N/A       21%         6
 Call Canine Familiar     Summ           10%        N/A       50%         3
 Hailstorm                Conj/Ice       10%        3d6       50%         3
 Inner Flame              Hex/Fire       10%        N/A       50%         3
 Summon Ice Beast         Ice/Summ       10%        N/A       50%         3
 Flame Wave               Conj/Fire      10%        2d6       88%         4
 Sticky Flame             Fire/Alch      10%        2d5       88%         4
 Summon Blazeheart Golem  Fire/Summ      10%        N/A       88%         4
 Alistair's Intoxication  Alch           6%         N/A       99%         5
 Eringya's Noxious Bog    Alch           5%         4d6       100%        6
 Sculpt Simulacrum        Ice/Alch       5%         N/A       100%        6


Dungeon Overview and Level Annotations

Branches:
Dungeon (11/15)            Temple (0/1) D:7            Lair (0/5) D:8
    Orc: D:9-12

Altars:
Cheibriados
Dithmenos
Gozag
Kikubaaqudgha
Nemelex Xobeh
Okawaru
Uskayaw
Yredelemnul

Shops:
D:9 *

Annotations:
D:4 2 transporters, markshark's ghost, amateur MiFi


Innate Abilities, Weirdness & Mutations

You have a pair of horns on your head.
You are mostly covered in yellow scales. (AC +3)
You may rarely emit foul miasma when damaged in melee.
You are mostly covered in sharp spines.


Message History

The bolt of fire hits you!!
Casting: Vampiric Draining (safe; 1% risk of failure)
Confirm with . or Enter, or press ? or * to list all spells.
You don't have enough magic to cast this spell.
You hit the deep elf pyromancer.
The deep elf pyromancer is almost dead.
The deep elf pyromancer completely misses you.
You miss the deep elf pyromancer.
The deep elf pyromancer is almost dead.
The deep elf pyromancer closely misses you.
You closely miss the deep elf pyromancer.
Your headbutt misses the deep elf pyromancer.
The deep elf pyromancer is almost dead.
An orc knight comes into view. It is wielding a +3 long sword.
The deep elf pyromancer gestures at you while chanting.
The pyre arrow hits you.
You are covered in intense liquid fire!
The deep elf pyromancer gestures at you while chanting.
The bolt of fire hits you!
* * * LOW HITPOINT WARNING * * *
The orc knight moves out of view.
Casting: Vampiric Draining (safe; 1% risk of failure)
Confirm with . or Enter, or press ? or * to list all spells.
Aiming: Vampiric Draining (safe; 1% risk of failure)
Press: ? - help, Shift-Dir - straight line, f/p - deep elf pyromancer
Aim: a deep elf pyromancer, wielding a +0 long sword and wearing a +0 ring mail (almost dead)
You draw life force from the deep elf pyromancer!
You kill the deep elf pyromancer!
Kikubaaqudgha accepts your kill.
You feel life coursing into your body. The liquid fire burns you!
* * * LOW HITPOINT WARNING * * *
Your Necromancy skill increases to level 12!
The liquid fire burns you!
* * * LOW HITPOINT WARNING * * *
You shake off some of the fire as you move.
You climb upwards.
The liquid fire burns you!
You die...
Kikubaaqudgha rasps: "You have failed me!
Welcome... death!"

..>..................#
.....................#
.....................#
.....................#
..............##.#####
....[............#
#...###.......##.#
#...# #...).).##.###
#...# #.....)...@..#
##'#######.........#
.... ..............#
.... ..............#
.................###
....<............#
.................#
.................#
.... ......#######


There were no monsters in sight!

Vanquished Creatures
  2 centaur warriors (D:11)
  3 two-headed ogres
  A tengu warrior (D:11)
  A deep elf pyromancer (D:11)
  A wolf spider (D:10)
  2 cyclopes (D:11)
  2 gargoyles
  A kobold demonologist (D:11)
  An unseen horror (D:8)
  A tengu conjurer (D:11)
  An efreet (D:11)
  A freezing wraith (D:11)
  A troll (D:10)
  A hornet (D:11)
  Sigmund (D:2)
  2 shadows
  A vampire (D:10)
  A spriggan (shapeshifter) (D:10)
  2 wyverns
  18 yaks
  A wraith (D:11)
  5 steam dragons
  2 water moccasins
  5 orc warriors
  A black bear (D:5)
  2 sky beasts
  An ice beast (D:6)
  2 centaurs
  2 ogres
  6 bullfrogs
  4 scorpions
  19 wights
  6 killer bees (D:8)
  3 howler monkeys (D:7)
  3 hounds
  2 gnoll boudas
  9 orc priests
  5 iguanas
  10 orc wizards
  3 sleepcaps
  7 adders
  13 gnolls
  2 white imps
  2 dart slugs
  27 orcs
  5 endoplasms
  2 giant cockroaches
  6 goblins
  6 hobgoblins
  4 jackals
  3 quokkas
  5 ball pythons
  A bat (D:1)
  4 frilled lizards
  3 kobolds
  4 rats
229 creatures vanquished.

Vanquished Creatures (collateral kills)
  A two-headed ogre (D:10)
  A gargoyle (D:11)
  3 yaks (D:11)
  A basilisk (D:11)
  2 wights (D:9)
  An orc priest (D:7)
  2 orc wizards
  2 orcs (D:10)
  A goblin (D:4)
14 creatures vanquished.

Vanquished Creatures (others)
  2 centaur zombies (D:11)
  A cyclops zombie (D:11)
  2 yak zombies (D:11)
  3 orcs (D:8)
8 creatures vanquished.

Grand Total: 251 creatures vanquished

Notes
Turn   | Place    | Note
-------+----------+-------------------------------------------
     0 | D:1      | PaiMei the Demonspawn Necromancer began the quest for the
                  | Orb.
     0 | D:1      | Reached XP level 1. HP: 13/13 MP: 3/3
   262 | D:1      | Gained mutation: You are partially covered in sharp spines.
                  | [demonic ancestry]
   262 | D:1      | Reached XP level 2. HP: 19/19 MP: 0/5
  1219 | D:2      | Reached XP level 3. HP: 25/25 MP: 3/6
  1299 | D:2      | Reached skill level 1 in Fighting
  1302 | D:2      | Found a hide-covered altar of Uskayaw.
  1317 | D:2      | Found a faded altar of an unknown god.
  1353 | D:2      | Noticed Sigmund
  2354 | D:3      | Reached XP level 4. HP: 32/32 MP: 7/7
  2742 | D:3      | Reached skill level 5 in Necromancy
  3206 | D:3      | Learned a level 3 spell: Vampiric Draining
  3503 | D:3      | Gained mutation: You are partially covered in yellow
                  | scales. (AC +2) [demonic ancestry]
  3503 | D:3      | Reached XP level 5. HP: 37/38 MP: 5/9
  3735 | D:4      | Noticed an ogre
  3759 | D:4      | Killed an ogre
  3760 | D:4      | Gained mutation: You have a pair of small horns on your
                  | head. [demonic ancestry]
  3760 | D:4      | Reached XP level 6. HP: 16/46 MP: 2/11
  3876 | D:4      | Found a transporter.
  4148 | D:4      | Found a transporter.
  4187 | D:4      | Noticed markshark's ghost (amateur MiFi)
  4538 | D:5      | Entered Level 5 of the Dungeon
  4588 | D:5      | Found a shadowy altar of Dithmenos.
  4972 | D:5      | Found a snail-covered altar of Cheibriados.
  5060 | D:5      | Reached skill level 6 in Necromancy
  5060 | D:5      | Gained mutation: You may rarely emit foul miasma when
                  | damaged in melee. [demonic ancestry]
  5060 | D:5      | Reached XP level 7. HP: 52/52 MP: 3/12
  5315 | D:5      | Noticed a yak
  5322 | D:5      | Killed a yak
  5713 | D:5      | Found an ancient bone altar of Kikubaaqudgha.
  5740 | D:5      | Became a worshipper of Kikubaaqudgha
  5745 | D:5      | Found an iron altar of Okawaru.
  5993 | D:6      | Reached XP level 8. HP: 60/60 MP: 10/14
  6041 | D:6      | Reached skill level 7 in Necromancy
  6115 | D:6      | Reached skill level 5 in Spellcasting
  6272 | D:6      | Reached skill level 5 in Dodging
  6338 | D:6      | Reached skill level 5 in Fighting
  6570 | D:6      | Found a basalt altar of Yredelemnul.
  7315 | D:7      | Gained mutation: You are mostly covered in sharp spines.
                  | [demonic ancestry]
  7315 | D:7      | Reached XP level 9. HP: 51/68 MP: 10/17
  7562 | D:6      | Learned a level 4 spell: Animate Dead
  7568 | D:6      | Learned a level 5 spell: Curse of Agony
  7592 | D:7      | Reached skill level 8 in Necromancy
  7673 | D:7      | Found a staircase to the Ecumenical Temple.
  7791 | D:7      | Reached * piety under Kikubaaqudgha
  7791 | D:7      | Received a gift from Kikubaaqudgha
 10407 | D:8      | Reached skill level 9 in Necromancy
 10440 | D:8      | Found a staircase to the Lair.
 10505 | D:8      | Gained mutation: You are mostly covered in yellow scales.
                  | (AC +3) [demonic ancestry]
 10505 | D:8      | Reached XP level 10. HP: 79/79 MP: 3/20
 10776 | D:2      | Killed Sigmund
 12211 | D:8      | Reached ** piety under Kikubaaqudgha
 12261 | D:9      | Reached skill level 10 in Necromancy
 12894 | D:9      | Found Gozag's Platinum Reserve.
 12896 | D:9      | Found an opulent altar of Gozag.
 13035 | D:9      | Noticed a two-headed ogre
 13058 | D:9      | Killed a two-headed ogre
 13059 | D:9      | Reached XP level 11. HP: 87/87 MP: 10/23
 13416 | D:10     | Entered Level 10 of the Dungeon
 13472 | D:10     | Noticed a two-headed ogre
 13493 | D:10     | Killed a two-headed ogre
 13583 | D:10     | Found a sparkling altar of Nemelex Xobeh.
 13804 | D:10     | Noticed a two-headed ogre
 13811 | D:10     | Killed a two-headed ogre
 14110 | D:10     | Noticed a two-headed ogre
 14119 | D:10     | Killed a two-headed ogre
 14804 | D:11     | Reached *** piety under Kikubaaqudgha
 14804 | D:11     | Received a gift from Kikubaaqudgha
 14917 | D:11     | Learned a level 4 spell: Dispel Undead
 14923 | D:11     | Learned a level 5 spell: Borgnjor's Vile Clutch
 14932 | D:11     | Found an ancient bone altar of Kikubaaqudgha.
 15010 | D:11     | Noticed a centaur warrior
 15022 | D:11     | Killed a centaur warrior
 15023 | D:11     | Reached skill level 11 in Necromancy
 15066 | D:11     | Noticed a sixfirhy
 15736 | D:11     | Noticed a wolf spider
 15736 | D:11     | Noticed a centaur warrior
 15760 | D:10     | Killed a wolf spider
 16235 | D:10     | Gained mutation: You have a pair of horns on your head.
                  | [demonic ancestry]
 16235 | D:10     | Reached XP level 12. HP: 80/97 MP: 25/25
 16290 | D:11     | Killed a centaur warrior
 16309 | D:11     | Noticed a tengu warrior
 16310 | D:11     | Reached skill level 10 in Fighting
 16736 | D:11     | Killed a tengu warrior
 16746 | D:11     | Reached skill level 12 in Necromancy
 16746 | D:11     | HP: 4/97 [burnt (17)]
 16747 | D:10     | Incinerated by a deep elf pyromancer

Illustrated notes

Levels and vault maps discovered:
D:1:      arrival_zaba_pyramid, layout_basic, corexii_item_surrounded_by_moat
D:2:      layout_loops_ring, shapermc_ecumenical_altar_pompeii, basic_altar,
          uniq_sigmund
D:3:      layout_basic, chequers_serial_rivers_room_a
D:4:      layout_loops_ring, gammafunk_ghost_gnarly_gnolls
D:5:      layout_gridville, mainiacjoe_overflow_concentric_impassable,
          nicolae_dithmenos_shadow_blocks, jmf_multi_god_temple2,
          grunt_ministairs_7, minmay_small_thing
D:6:      layout_rooms, lemuel_coloured_pillars_altar,
          minmay_a_box_with_orc_wizards_in_it
D:7:      layout_rooms, minmay_temple_entry_offerings
D:8:      nicolae_cairo_tiling_large_dashed, layout_gridville
D:9:      layout_rooms, nicolae_gozag_zags_fifth_avenue
D:10:     layout_basic, nemelex_spade_bored_becter, uniq_psyche
D:11:     minmay_the_grid_square_5x5_4x4 [minmay_the_grid_square_5x5_c,
          minmay_the_grid_square_5x5_minivault, minmay_the_grid_square_5x5_v,
          minmay_the_grid_square_5x5_fat_x,
          minmay_the_grid_square_5x5_six_small,
          minmay_the_grid_square_5x5_prize_snowflake,
          minmay_the_grid_square_5x5_prize_pseudospiral,
          minmay_the_grid_square_5x5_eight, minmay_the_grid_square_5x5_percent,
          minmay_the_grid_square_5x5_prize_rear_guard,
          minmay_the_grid_square_5x5_prize_gold,
          minmay_the_grid_square_5x5_shrine1, minmay_the_grid_square_5x5_z,
          minmay_the_grid_square_5x5_comb,
          minmay_the_grid_square_5x5_tetrominoes,
          minmay_the_grid_square_5x5_two_small], layout_stronghold,
          kennysheep_orc_monster_closet_entryway, serial_park_tiny_1,
          kiku_gazebo_garden_becter

Skill      XL: |  1  2  3  4  5  6  7  8  9 10 11 12 |
---------------+-------------------------------------+-----
Dodging        | 2 3 4 5 6 8 9 |  9.6
Stealth        | 2 |  2.0
Fighting       | 1 2 3 4 5 7 8 9 10 | 10.1
Necromancy     | 5 6 7 9 10 11 12 | 12.0
Spellcasting   | 3 4 5 6 8 9 |  9.6

Action                     |  1- 3 |  4- 6 |  7- 9 | 10-12 || total
---------------------------+-------+-------+-------+-------++-------
  Melee: Unarmed           |    10 |       |       |       ||    10
         Whip              |     2 |       |       |       ||     2
         Dagger            |     1 |     4 |   112 |     4 ||   121
         Headbutt          |       |       |    24 |    50 ||    74
         Punch             |       |       |     2 |     3 ||     5
         Flail             |       |       |       |   163 ||   163
   Cast: Necrotise         |    65 |    65 |    93 |    36 ||   259
         Vampiric Draining |       |    12 |    65 |    95 ||   172
         Animate Dead      |       |       |       |     7 ||     7
         Curse of Agony    |       |       |       |    12 ||    12
         Dispel Undead     |       |       |       |     5 ||     5
    Use: Potion            |       |       |       |     2 ||     2
         Scroll            |       |       |       |     1 ||     1
 Armour: Robe              |     4 |       |       |       ||     4
         Ring mail         |    14 |    20 |   106 |   190 ||   330
  Dodge: Dodged            |    16 |    10 |   108 |   356 ||   490
         Repelled          |       |       |     4 |     6 ||    10
